 Dungeon Crawl Stone Soup version 0.25.1-2-g60ff931df9 (webtiles) character file.

Game seed: 1648987860011880724

1316 AuftragZ the Conjurer (level 8, -1/58 HPs)
             Began as a Grey Draconian Conjurer on Aug 4, 2020.
             Was an Initiate of Vehumet.
             Slain by Duvessa
             ... wielding a +0 rapier
              (7 damage)
             ... on level 6 of the Dungeon.
             The game lasted 00:40:15 (7408 turns).

AuftragZ the Conjurer (Grey Draconian Conjurer)     Turns: 7408, Time: 00:40:16

Health: -1/58      AC: 11    Str: 12    XL:     8   Next: 33%
Magic:  3/16       EV: 17    Int: 17    God:    Vehumet [......]
Gold:   101        SH:  0    Dex: 11    Spells: 5/18 levels left

rFire    . . .     SeeInvis .   j - +0 short sword (venom)
rCold    . . .     Gourm    .   (no shield)
rNeg     . . .     Faith    .   (armour unavailable)
rPois    .         Spirit   .   (helmet restricted)
rElec    .         Reflect  .   (no cloak)
rCorr    .         Harm     .   (no gloves)
MR       .....                  (no boots)
Stlth    ++........             f - amulet of magic regeneration
HPRegen  0.19/turn              m - +4 ring of evasion
MPRegen  0.40/turn              (no ring)

@: about to teleport, hasted, very quick
A: walk through water, unfitting armour, mutation resistance 1, unbreathing,
cold-blooded, AC +11
a: Renounce Religion


You were on level 6 of the Dungeon.
You worshipped Vehumet.
Vehumet was noncommittal.
You were near starving.

You visited 2 branches of the dungeon, and saw 7 of its levels.

You collected 257 gold pieces.
You spent 156 gold pieces at shops.

Inventory:

Hand Weapons
 j - a +0 short sword of venom (weapon)
Jewellery
 f - an amulet of magic regeneration (around neck)
 m - a +4 ring of evasion (left hand)
Wands
 g - a wand of acid (10)
 h - a wand of enslavement (11)
 l - a wand of iceblast (7)
Scrolls
 a - 2 scrolls of enchant armour
 c - 3 scrolls of remove curse
 d - 2 scrolls of blinking
 i - a scroll of teleportation
 n - a scroll of identify
Potions
 k - a potion of stabbing
 o - a potion of lignification
 p - a potion of flight
Comestibles
 b - 8 rations


   Skills:
 + Level 0.6 Fighting
 + Level 2.3 Short Blades
 + Level 3.0 Dodging
 + Level 2.6 Stealth
 + Level 5.6 Spellcasting
 * Level 7.3 Conjurations
 * Level 2.9 Hexes


You had 5 spell levels left.
You knew the following spells:

 Your Spells              Type           Power        Failure   Level  Hunger
a - Magic Dart            Conj           ####         1%          1    None
b - Searing Ray           Conj           ####..       1%          2    #......
c - Dazzling Flash        Conj/Hex       ###...       4%          3    ##.....
d - Fulminant Prism       Conj/Hex       ###.......   16%         4    ####...
e - Mephitic Cloud        Conj/Pois/Air  ##......     14%         3    ##.....

Your spell library contained the following spells:

 Spells                   Type           Power        Failure   Level  Hunger
 Corona                   Hex            ##.....      4%          1    None
 Slow                     Hex            ##......     6%          2    #......
 Conjure Flame            Conj/Fire      ###.....     9%          3    ##.....
 Ensorcelled Hibernation  Hex/Ice        #.....       11%         2    #......
 Confusing Touch          Hex            ##......     12%         3    ##.....
 Tukima's Dance           Hex            ##......     12%         3    ##.....
 Blink                    Tloc           N/A          21%         2    #......
 Call Imp                 Summ           #.......     21%         2    #......
 Iskenderun's Mystic Bla  Conj/Tloc      ###.....     30%         4    ####...


Dungeon Overview and Level Annotations

Branches:
Dungeon (6/15)             Temple (1/1) D:6

Altars:
Ashenzari
Cheibriados
Dithmenos
Elyvilon
Fedhas
Hepliaklqana
Kikubaaqudgha
Makhleb
Nemelex Xobeh
Okawaru
Qazlal
Ru
Sif Muna
Uskayaw
Vehumet
Wu Jian
Xom
Yredelemnul
Zin
The Shining One
Beogh

Shops:
D:5 *

Annotations:
D:6 Duvessa, Menkaure


Innate Abilities, Weirdness & Mutations

You can walk through water.
Your dull iron-grey scales are very hard. (AC +11)
You cannot fit into any form of body armour.
You can survive without breathing.
You are cold-blooded and may be slowed by cold attacks.
You are somewhat resistant to further mutation.


Message History

Duvessa is almost dead.
Duvessa hits you with a +0 rapier!
* * * LOW HITPOINT WARNING * * *
Okay, then.
Casting: Searing Ray (safe; 1% risk of failure)
Confirm with . or Enter, or press ? or * to list all spells.
Okay, then.
Casting: Searing Ray (safe; 1% risk of failure)
Confirm with . or Enter, or press ? or * to list all spells.
You don't have enough magic to cast that spell.
Unknown command.
Casting: Searing Ray (safe; 1% risk of failure)
Confirm with . or Enter, or press ? or * to list all spells.
Okay, then.
Casting: Searing Ray (safe; 1% risk of failure)
Confirm with . or Enter, or press ? or * to list all spells.
Okay, then.
As you read the scroll of teleportation, it crumbles to dust.
You feel strangely unstable. Duvessa hits you with a +0 rapier!
You die...

.# #....... .. ####'### .##.
#.....# ..... #.###.# .....#
+.'>#.' .....o# #.###.#
.......## #.....#
........##### ###+###
.......[)Me@##########......
.......####.................
....... ############......
....... #...... ......#
##.>... .....# #..... #####
#..... #..... #.....


You could see Duvessa (berserk) and Menkaure (fast).

Vanquished Creatures
  A sky beast (D:6)
  2 ogres
  A bullfrog (D:3)
  A scorpion (D:6)
  Dowan (D:6)
  2 howler monkeys
  A centaur zombie (D:5)
  A crimson imp (D:5)
  A bullfrog zombie (D:5)
  A hound (D:5)
  2 jellies (D:5)
  2 bullfrog skeletons
  5 orc priests (D:4)
  4 orc wizards
  3 worker ants
  A hound zombie (D:5)
  Robin (D:2)
  7 adders
  2 shadow imps (D:5)
  An ooze (D:3)
  3 worms
  3 dart slugs
  5 leopard geckos
  11 orcs
  10 bats
  10 giant cockroaches
  15 goblins
  12 hobgoblins
  5 jackals
  3 quokkas
  2 ball pythons
  6 frilled lizards
  10 kobolds
  A leopard gecko skeleton (D:4)
  9 rats
145 creatures vanquished.

Notes
Turn   | Place    | Note
-------+----------+-------------------------------------------
     0 | D:1      | AuftragZ the Draconian Conjurer began the quest for the
                  | Orb.
     0 | D:1      | Reached XP level 1. HP: 14/14 MP: 3/3
   617 | D:1      | Reached XP level 2. HP: 16/20 MP: 0/5
   989 | D:1      | Learned a level 2 spell: Searing Ray
  1422 | D:1      | Reached XP level 3. HP: 26/26 MP: 4/6
  2014 | D:2      | Noticed Robin
  2118 | D:2      | Killed Robin
  2319 | D:2      | Reached XP level 4. HP: 27/33 MP: 3/7
  2481 | D:2      | Reached skill level 1 in Short Blades
  2573 | D:2      | Reached skill level 5 in Conjurations
  2611 | D:2      | Found an ancient bone altar of Kikubaaqudgha.
  2612 | D:2      | Found a burning altar of Makhleb.
  2615 | D:2      | Found a white marble altar of Elyvilon.
  2622 | D:2      | Found a hide-covered altar of Uskayaw.
  2625 | D:2      | Found an iron altar of Okawaru.
  2626 | D:2      | Found a hazy altar of Hepliaklqana.
  2626 | D:2      | Found a sacrificial altar of Ru.
  2627 | D:2      | Found a blossoming altar of Fedhas.
  2819 | D:2      | Gained mutation: You are somewhat resistant to further
                  | mutation. [potion of mutation]
  3761 | D:3      | Learned a level 3 spell: Dazzling Flash
  3846 | D:3      | Noticed a bullfrog
  3852 | D:3      | Killed a bullfrog
  3852 | D:3      | Reached XP level 5. HP: 32/38 MP: 2/9
  4219 | D:3      | Found a sparkling altar of Nemelex Xobeh.
  4303 | D:3      | Found a glowing drain.
  4909 | D:4      | Found a roughly hewn altar of Beogh.
  4916 | D:4      | Reached XP level 6. HP: 46/46 MP: 6/11
  5216 | D:4      | Your scales start taking on a dull iron-grey colour.
  5216 | D:4      | Reached XP level 7. HP: 51/51 MP: 9/13
  5216 | D:4      | Gained mutation: You can survive without breathing. [Grey
                  | Draconian growth]
  5296 | D:4      | Reached skill level 1 in Hexes
  5399 | D:4      | Reached skill level 6 in Conjurations
  5542 | D:4      | Found a snail-covered altar of Cheibriados.
  5605 | D:4      | HP: 1/51 [orc priest/divine providence (13)]
  6325 | D:5      | Entered Level 5 of the Dungeon
  6374 | D:5      | Reached skill level 5 in Spellcasting
  6393 | D:5      | Learned a level 4 spell: Fulminant Prism
  6397 | D:5      | Learned a level 3 spell: Mephitic Cloud
  6728 | D:5      | Found Ysusch's Assorted Antiques.
  6735 | D:5      | Reached XP level 8. HP: 58/58 MP: 9/16
  6768 | D:5      | Bought a scroll of identify for 52 gold pieces
  6768 | D:5      | Bought a worn lead wand for 104 gold pieces
  7016 | D:6      | Reached skill level 7 in Conjurations
  7031 | D:6      | Found a staircase to the Ecumenical Temple.
  7062 | Temple   | Entered the Ecumenical Temple
  7236 | Temple   | Became a worshipper of Vehumet
  7374 | D:6      | Noticed Duvessa
  7380 | D:6      | Noticed Dowan
  7400 | D:6      | Killed Dowan
  7402 | D:6      | Noticed Menkaure
  7408 | D:6      | Slain by Duvessa

Illustrated notes

Levels and vault maps discovered:
D:1:      wander_arrival_chamber, layout_basic, chequers_serial_rivers_small_a
D:2:      layout_basic, grunt_temple_overflow_open, first_ration, uniq_robin
D:3:      layout_rooms, nicolae_overflow_hidden_temple, gup_sewer_entry_pipe
D:4:      layout_basic, kennysheep_mini, kennysheep_orc_chapel
D:5:      layout_rooms, serial_shops, nicolae_shop_waterfront
D:6:      layout_rooms, minmay_temple_entry_glassed_door, grunt_ministairs_4,
          uniq_edmund, uniq_menkaure, uniq_duvessa
Temple:   zaba_magenta_temple

Skill      XL: |  1  2  3  4  5  6  7  8 |
---------------+-------------------------+-----
Dodging        | 2 3 |  3.0
Stealth        | 2 |  2.6
Short Blades   | 1 2 |  2.3
Conjurations   | 5 6 7 |  7.3
Spellcasting   | 3 4 5 |  5.6
Hexes          | 2 |  2.9
Fighting       | |  0.6

Action                   |  1- 3 |  4- 6 |  7- 9 || total
-------------------------+-------+-------+-------++-------
Melee: Unarmed           |     3 |       |       ||     3
       Club              |    17 |       |       ||    17
       Short sword       |    23 |     2 |    29 ||    54
       Dagger            |       |    27 |       ||    27
       Tailslap          |       |     4 |     5 ||     9
 Cast: Magic Dart        |    63 |   126 |   102 ||   291
       Searing Ray       |     6 |     6 |    18 ||    30
  Use: Scroll            |       |     9 |     6 ||    15
       Potion            |       |     3 |     2 ||     5
  Eat: Chunk             |     4 |     8 |     2 ||    14
       Ration            |       |     1 |     1 ||     2
Armor: Skin              |    37 |     6 |    23 ||    66
Dodge: Dodged            |    68 |    43 |    58 ||   169
